 Dungeon Crawl Stone Soup version 0.30-a0-743-gbfdf073431 (webtiles) character file.

Game seed: 8688215918205535079

364 mandoloar the Conjurer (level 6, -8/32 HPs)
             Began as a Deep Elf Conjurer on Feb 7, 2023.
             Shot with an arrow by a centaur (10 damage)
             ... on level 4 of the Dungeon.
             The game lasted 00:15:25 (5126 turns).

mandoloar the Conjurer (Deep Elf Conjurer)          Turns: 5126, Time: 00:15:26

Health: -8/32      AC:  4    Str:  4    XL:     6   Next: 39%
Magic:  6/16       EV: 30    Int: 25    God:
Gold:   159        SH:  0    Dex: 19    Spells: 5/16 levels left

rFire   . . .      SeeInvis .    (no weapon)
rCold   . . .      Faith    .    (no shield)
rNeg    . . .      Spirit   .    e - +1 robe
rPois   .          Reflect  .    (no helmet)
rElec   .          Harm     .    (no cloak)
rCorr   .          Rampage  .    f - +0 pair of gloves
Will    .....                    (no boots)
Stlth   ++                       o - amulet of the acrobat
HPRegen 0.25/turn                q - +6 ring of dexterity
MPRegen 0.15/turn                (no ring)

@: acrobatic, very slightly contaminated, studying Ranged Weapons
A: no striking features
a: no special abilities


You were on level 4 of the Dungeon.
You visited 1 branch of the dungeon, and saw 4 of its levels.

You collected 159 gold pieces.

Inventory:

Hand Weapons
 a - a +0 heavy short sword
Missiles
 m - 2 throwing nets
Armour
 e - a +1 robe (worn)
 f - a +0 pair of gloves (worn)
Jewellery
 o - an amulet of the acrobat (around neck)
 q - a +6 ring of dexterity (left hand)
Wands
 g - a wand of charming (2)
Scrolls
 r - a scroll of teleportation {unknown}
Potions
 b - 2 potions of magic
 c - a potion of heal wounds
 d - a potion of lignification
 h - 2 potions of brilliance
 i - 2 potions of attraction
 j - 2 potions of curing
 k - a potion of mutation
 l - a potion of flight
 n - a potion of berserk rage {unknown}
 p - 2 potions of resistance {unknown}


   Skills:
 + Level 5.1 Dodging
 - Level 2.4 Stealth
 + Level 5.7 Spellcasting
 + Level 6.1 Conjurations
 + Level 0.0 Hexes
 + Level 0.0 Translocations


You had 5 spell levels left.
You knew the following spells:

 Your Spells              Type           Power      Damage    Failure   Level
a - Magic Dart            Conj           100%       1d8       1%          1
b - Searing Ray           Conj           74%        2d7       1%          2
c - Fulminant Prism       Conj/Hex       11%        3d9       22%         4
d - Iskenderun's Mystic   Conj/Tloc      22%        2d6       22%         4

Your spell library contained the following spells:

 Spells                   Type           Power      Damage    Failure   Level
 Dazzling Flash           Conj/Hex       44%        N/A       6%          3
 Summon Forest            Summ/Tloc      3%         N/A       91%         5
 Starburst                Conj/Fire      11%        6d5       97%         6
 Eringya's Noxious Bog    Tmut/Pois      3%         N/A       100%        6
 Summon Hydra             Summ           3%         N/A       100%        7


Dungeon Overview and Level Annotations

Branches:
Dungeon (4/15)
 Temple: D:4-7

Altars:
Uskayaw

Shops:
D:2 [


Message History

a +0 halberd; a +0 halberd
Things that are here:
a +0 dagger; 3 stones
Found a ring mail.
A centaur comes into view.
The magic dart hits the centaur.
The centaur is lightly wounded.
The centaur shouts!
The centaur wields a +0 shortbow.
The centaur shoots an arrow.
The arrow hits you!
The magic dart hits the centaur.
The centaur is moderately wounded.
The centaur shoots an arrow.
The arrow misses you.
The centaur shoots an arrow.
The arrow hits you but does no damage.
The magic dart hits the centaur.
The centaur is heavily wounded.
The centaur shoots an arrow.
The arrow hits you!
* * * LOW HITPOINT WARNING * * *
The centaur shoots an arrow.
The arrow completely misses you.
Casting: Magic Dart (safe; 1% risk of failure)
Confirm with . or Enter, or press ? or * to list all spells.
Aiming: Fulminant Prism (extremely dangerous; 22% risk of failure)
Press: ? - help, Dir - move target, p - centaur You conjure a prism of explosive energy!
A fulminant prism comes into view.
The centaur shoots an arrow.
The arrow hits you but does no damage.
The centaur shoots an arrow.
The arrow misses you.
You hear a loud crackle.
You hear an explosion!
You hear an angry hiss.
Casting: Fulminant Prism (extremely dangerous; 22% risk of failure)
Confirm with . or Enter, or press ? or * to list all spells.
Aiming: Fulminant Prism (extremely dangerous; 22% risk of failure)
Press: ? - help, Dir - move target You miscast Fulminant Prism.
You are very lightly contaminated with residual magic.
Nothing appears to happen.
The centaur shoots an arrow.
The arrow hits you!
* * * LOW HITPOINT WARNING * * *
The centaur shoots an arrow.
The arrow completely misses you.
The centaur shoots an arrow.
The arrow hits you!
You die...

..###........# #.#
.#...#.......# ###.#
.#..###......# #...#
.#.#.#.#.....###.###
..###.###.....##.#
.#.#.#.#.#.....#)#
.#..###..#.....#.#
.#.#.#.#.#..#..#.########
..###.###.......@.......#
...#.#.#.#..##.##.#####c#
....###..#...#.##.#
#..*.#
###..#...#.....##.#
....[..# #
##..###....####.#
#.......# # ##.......##
#.# #..#.#.c# ##
####...## #.. ...#.#....
.# #...# ### ...... ...
.## #...# ...#.##. ##


You could see a centaur.

Vanquished Creatures
  Ijyb (D:3)
  Terence (D:3)
  Natasha (thrice) (D:2)
  2 orc wizards
  5 gnolls
  6 adders
  2 worms (D:3)
  3 dart slugs
  7 orcs
  8 ball pythons
  5 endoplasms
  7 giant cockroaches
  8 goblins
  3 hobgoblins
  2 jackals (D:3)
  A quokka (D:1)
  3 bats (D:1)
  2 frilled lizards
  6 kobolds
  4 rats
79 creatures vanquished.

Vanquished Creatures (others)
  8 fulminant prisms
8 creatures vanquished.

Grand Total: 87 creatures vanquished

Notes
Turn   | Place    | Note
-------+----------+-------------------------------------------
     0 | D:1      | mandoloar the Deep Elf Conjurer began the quest for the
                  | Orb.
     0 | D:1      | Reached XP level 1. HP: 10/10 MP: 6/6
   167 | D:1      | Reached XP level 2. HP: 15/15 MP: 4/8
   247 | D:1      | Learned a level 2 spell: Searing Ray
  1136 | D:2      | Reached XP level 3. HP: 19/19 MP: 5/10
  1390 | D:2      | Reached skill level 5 in Conjurations
  1501 | D:2      | Noticed Natasha
  1693 | D:2      | Killed Natasha
  1694 | D:2      | Reached XP level 4. HP: 24/24 MP: 8/12
  1743 | D:2      | Learned a level 4 spell: Fulminant Prism
  1748 | D:2      | Learned a level 4 spell: Iskenderun's Mystic Blast
  1795 | D:2      | Found Qokunkaz's Antique Armour Shop.
  1806 | D:2      | Noticed Natasha
  1811 | D:2      | Killed Natasha
  1915 | D:2      | Noticed Natasha
  1919 | D:2      | Killed Natasha
  1920 | D:2      | Reached XP level 5. HP: 28/28 MP: 8/14
  2835 | D:3      | Noticed Ijyb
  2875 | D:3      | Killed Ijyb
  2876 | D:3      | Reached skill level 5 in Spellcasting
  2981 | D:3      | Noticed Terence
  3390 | D:3      | Found a hide-covered altar of Uskayaw.
  4092 | D:3      | Killed Terence
  4365 | D:3      | Reached XP level 6. HP: 25/32 MP: 9/16
  4420 | D:4      | Reached skill level 6 in Conjurations
  4677 | D:4      | Reached skill level 5 in Dodging
  5126 | D:4      | Shot with an arrow by a centaur

Illustrated notes

Levels and vault maps discovered:
D:1:      erik_arrival_blinker_ship, layout_basic, minmay_misc_feat_iff,
          minmay_heptomino_d4
D:2:      layout_loops_ring, serial_shops, nicolae_shop_advertising_works
          [nicolae_subvault_shop_adworks], uniq_natasha
D:3:      layout_loops_corners, general_overflow_altar,
          dreamdust_princess_bridge, minmay_misc_feat_chi, uniq_terence,
          uniq_ijyb
D:4:      layout_loops_cross, minmay_manual_mail, uniq_duvessa

Skill      XL: |  1  2  3  4  5  6 |
---------------+-------------------+-----
Dodging        | 3 4 5 |  5.1
Spellcasting   | 4 5 |  5.7
Conjurations   | 5 6 |  6.1
Stealth        | |  2.4

Action                     |  1- 3 |  4- 6 || total
---------------------------+-------+-------++-------
  Melee: Unarmed           |       |     5 ||     5
   Cast: Magic Dart        |    60 |    48 ||   108
         Searing Ray       |     6 |    22 ||    28
         Fulminant Prism   |       |     8 ||     8
    Use: Scroll            |     7 |     7 ||    14
 Armour: Robe              |     4 |     7 ||    11
  Dodge: Dodged            |     9 |    31 ||    40

Table legend: (Time is in decaauts)
 A = Elapsed time spent in this place.
 B = Non-inter-level travel time spent in this place.
 C = Inter-level travel time spent in this place.
 D = Time resting spent in this place.
 E = Time spent auto-exploring this place.
 F = Levels seen in this place.
 G = Mean time per level.
                   A        B        C        D        E       F      G
               +--------+--------+--------+--------+--------+-----+--------+
         Total |   5130 |   5033 |     97 |   1949 |   2372 |   4 | 1282.5 |
       Dungeon |   5130 |   5033 |     97 |   1949 |   2372 |   4 | 1282.5 |
               +--------+--------+--------+--------+--------+-----+--------+

Top non-repeatable levels by time:
     D:3: 1731 daAuts
     D:2: 1418 daAuts
     D:1: 1051 daAuts
     D:4: 928 daAuts
